 Dungeon Crawl Stone Soup version 0.27.0-1-g7a089689b8 (webtiles) character file.

Game seed: 12140692213897837490

333 Malachi the Stinger (level 6, -3/51 HPs)
             Began as a Naga Venom Mage on Aug 12, 2021.
             Slain by a water moccasin zombie (4 damage)
             ... on level 7 of the Dungeon.
             The game lasted 00:08:00 (4139 turns).

Malachi the Stinger (Naga Venom Mage)               Turns: 4139, Time: 00:08:01

Health: -3/51      AC:  7    Str: 10    XL:     6   Next: 52%
Magic:  10/10      EV:  8    Int: 18    God:
Gold:   174        SH:  0    Dex: 11    Spells: 4/11 levels left

rFire    . . .     SeeInvis +   d - +2 quarterstaff (drain)
rCold    . . .     Faith    .   (shield currently unavailable)
rNeg     . . .     Spirit   .   a - +0 robe
rPois    +         Reflect  .   (no helmet)
rElec    .         Harm     .   (no cloak)
rCorr    .         Rampage  .   (no gloves)
Will     .....                  b - +0 barding
Stlth    ++........             e - amulet of magic regeneration
HPRegen  0.17/turn              (no ring)
MPRegen  0.37/turn              (no ring)

@: very slow
A: AC +2, large, see invisible, deformed body, poison resistance, slowness 2,
spit poison 1, naga tail 1
a: Spit Poison


You were on level 7 of the Dungeon.
You visited 1 branch of the dungeon, and saw 6 of its levels.

You collected 174 gold pieces.

Inventory:

Hand Weapons
 d - a +2 quarterstaff of draining (weapon)
Armour
 a - a +0 robe (worn)
 b - a +0 barding (worn)
Jewellery
 e - an amulet of magic regeneration (around neck)
Scrolls
 c - a scroll of fear
 g - a scroll of blinking
Potions
 i - a potion of curing


   Skills:
 + Level 1.3 Fighting
 + Level 2.0 Staves
 + Level 2.6 Dodging
 + Level 4.3 Stealth
 + Level 0.4 Unarmed Combat
 + Level 3.1 Spellcasting
 + Level 1.5 Transmutations
 + Level 0.2 Air Magic
 + Level 5.8 Poison Magic


You had 4 spell levels left.
You knew the following spells:

 Your Spells              Type           Power      Damage    Failure   Level
a - Sting                 Tmut/Pois      64%        1d6       3%          1
b - Poisonous Vapours     Pois/Air       26%        N/A       7%          2
c - Olgreb's Toxic Radia  Pois           23%        N/A       14%         4

Your spell library contained the following spells:

 Spells                   Type           Power      Damage    Failure   Level
 Mephitic Cloud           Conj/Pois/Air  10%        N/A       22%         3


Dungeon Overview and Level Annotations

Branches:
Dungeon (5/15)
 Temple: D:4-7

Altars:
Dithmenos
Gozag
Nemelex Xobeh
Okawaru
Qazlal
Sif Muna
Uskayaw

Shops:
D:1 [


Innate Abilities, Weirdness & Mutations

Your serpentine skin is tough. (AC +2)
You have supernaturally acute eyesight. (SInv)
Armour fits poorly on your strangely shaped body.
Your system is resistant to poisons. (rPois)
You cover ground very slowly.
You can spit poison.
You have a snake-like lower body.


Message History

You hit the water moccasin zombie.
The water moccasin zombie is lightly damaged.
The water moccasin zombie bites you.
The water moccasin zombie barely misses you.
The electric eel shoots out a bolt of lightning at you!
The bolt of electricity misses you.
You hit the water moccasin zombie.
The water moccasin zombie is moderately damaged.
The water moccasin zombie bites you.
The electric eel shoots out a bolt of lightning at you!
The bolt of electricity hits you!
* * * LOW HITPOINT WARNING * * *
Press: ? - help, Shift-Dir - straight line, f - water moccasin zombie
Aim: a water moccasin zombie (moderately damaged)
The splash of poison hits the water moccasin zombie.
The water moccasin zombie completely resists.
The water moccasin zombie is moderately damaged.
The water moccasin zombie bites you.
* * * LOW HITPOINT WARNING * * *
You can't do that yet.
The water moccasin zombie bites you but does no damage.
You barely miss the water moccasin zombie.
The water moccasin zombie is moderately damaged.
The water moccasin zombie completely misses you.
You sock the water moccasin zombie!
The water moccasin zombie is heavily damaged.
The water moccasin zombie bites you but does no damage.
The water moccasin zombie bites you.
* * * LOW HITPOINT WARNING * * *
You barely miss the water moccasin zombie.
The water moccasin zombie is heavily damaged.
The water moccasin zombie bites you.
* * * LOW HITPOINT WARNING * * *
You sock the water moccasin zombie!
The water moccasin zombie is severely damaged.
You have got your breath back.
The water moccasin zombie bites you.
* * * LOW HITPOINT WARNING * * *
The water moccasin zombie bites you.
You die...

..# #+# ### #.# #
########.# # #........##
###.#.......##
....#..#.....#
....†..##...##
..#.≈≈.≈≈....##########.#
##.≈≈≈≈≈≈≈.)....@Z......#
≈≈≈≈#≈≈#≈≈#...##########
≈#≈≈≈≈≈≈≈≈≈≈;#.#
≈≈≈≈≈≈≈≈≈#≈≈≈.##
≈≈≈≈≈≈≈#≈≈≈≈≈#
≈≈≈≈≈≈≈≈≈≈≈≈≈≈≈
.).≈≈.≈;≈≈ <.....≈≈


You could see an electric eel and a water moccasin zombie.

Vanquished Creatures
  A wyvern skeleton (D:4)
  A hound (D:4)
  2 orc priests (D:4)
  5 gnolls
  7 adders
  5 dart slugs
  2 worms
  7 orcs
  8 endoplasms
  2 giant cockroaches (D:2)
  3 goblins
  4 hobgoblins
  4 jackals (D:4)
  3 quokkas
  8 ball pythons
  A bat (D:1)
  4 frilled lizards
  4 rats
71 creatures vanquished.

Notes
Turn   | Place    | Note
-------+----------+-------------------------------------------
     0 | D:1      | Malachi the Naga Venom Mage began the quest for the Orb.
     0 | D:1      | Reached XP level 1. HP: 15/15 MP: 3/3
   418 | D:1      | Reached XP level 2. HP: 22/22 MP: 1/5
   581 | D:1      | Found Yseamp's Antique Armour Boutique.
   962 | D:1      | Reached XP level 3. HP: 26/28 MP: 2/6
  1293 | D:2      | Learned a level 2 spell: Poisonous Vapours
  1374 | D:2      | Reached skill level 5 in Poison Magic
  1667 | D:2      | Reached XP level 4. HP: 36/36 MP: 7/7
  2041 | D:2      | Found a faded altar of an unknown god.
  2362 | D:3      | Found a shadowy altar of Dithmenos.
  2875 | D:3      | Reached XP level 5. HP: 42/42 MP: 9/9
  3095 | D:3      | Found a shimmering blue altar of Sif Muna.
  3160 | D:3      | Found a stormy altar of Qazlal.
  3177 | D:3      | Found an opulent altar of Gozag.
  3177 | D:3      | Found an iron altar of Okawaru.
  3185 | D:3      | Found a hide-covered altar of Uskayaw.
  3587 | D:4      | Reached skill level 1 in Staves
  3650 | D:4      | Reached skill level 1 in Fighting
  3650 | D:4      | Reached XP level 6. HP: 40/51 MP: 10/10
  3870 | D:4      | Learned a level 4 spell: Olgreb's Toxic Radiance
  4073 | D:5      | Entered Level 5 of the Dungeon
  4082 | D:4      | Found a sparkling altar of Nemelex Xobeh.
  4093 | D:4      | You fall into a shaft and drop 3 floors!
  4138 | D:7      | HP: 2/51 [water moccasin zombie (2)]
  4139 | D:7      | Slain by a water moccasin zombie

Illustrated notes

Levels and vault maps discovered:
D:1:      wheals_arrival_shading, layout_basic, serial_shops, shop, hex_large
D:2:      layout_basic, shapermc_ecumenical_altar_starsandcircs
D:3:      cheibrodos_old_hovel, layout_basic, nicolae_dithmenos_the_darkroom,
          minmay_overflow_temple_star_hex
D:4:      layout_gridville, nicolae_overflow_hidden_temple
D:5:      layout_basic, ebering_ghost_sewer_d, minmay_manual_monstrance
D:7:      kennysheep_slugbush, layout_loops_corners, minmay_temple_entry_tees

Skill      XL: |  1  2  3  4  5  6 |
---------------+-------------------+-----
Dodging        | 2 |  2.6
Poison Magic   | 5 |  5.8
Spellcasting   | 3 |  3.1
Stealth        | 4 |  4.3
Staves         | 1 2 |  2.0
Fighting       | 1 |  1.3
Unarmed Combat | |  0.4
Transmutations | |  1.5
Air Magic      | |  0.2

Action                   |  1- 3 |  4- 6 || total
-------------------------+-------+-------++-------
Melee: Unarmed           |    23 |       ||    23
       Quarterstaff      |       |    70 ||    70
 Cast: Sting             |    26 |    59 ||    85
       Poisonous Vapours |     7 |     5 ||    12
 Abil: Spit Poison       |    13 |    12 ||    25
  Use: Scroll            |     2 |     8 ||    10
       Potion            |       |     7 ||     7
Armor: Robe              |    15 |    53 ||    68
Dodge: Dodged            |    19 |    54 ||    73
